 Dungeon Crawl Stone Soup version 0.30-a0-465-g8901f6c8b5 (webtiles) character file.

Game seed: 545022346358935222

9695 arthad the Protected (level 11, -9/64 HPs)
             Began as a Gargoyle Fighter on Dec 17, 2022.
             Was an Initiate of Gozag.
             Mangled by Iich's ghost (26 damage)
             ... on level 11 of the Dungeon.
             The game lasted 00:35:42 (10730 turns).

arthad the Protected (Gargoyle Fighter)            Turns: 10730, Time: 00:35:42

Health: -9/64      AC: 31    Str: 30    XL:     11   Next: 50%
Magic:  11/11      EV: 10    Int: 18    God:    Gozag
Gold:   45         SH:  5    Dex:  8    Spells: 10/10 levels left

rFire   + . .      SeeInvis .    m - +0 broad axe (vorpal)
rCold   + . .      Faith    .    c - +0 buckler
rNeg    + . .      Spirit   .    b - +7 chain mail "Yreloxti" {Str+2 Int+4}
rPois   ∞          Reflect  .    (helmet restricted)
rElec   +          Harm     .    D - +0 cloak
rCorr   +          Rampage  +    j - +0 pair of gloves
Will    .....                    O - +1 pair of boots {rampage}
Stlth   ..........               (no amulet)
HPRegen 0.30/turn                C - +6 ring of intelligence
MPRegen 0.12/turn                (no ring)

@: mighty, resistant, gold aura, hasted, very quick
A: sickness immunity, AC +8, negative energy resistance 1, electricity
resistance, torment resistance 1, petrification resistance, beak, frail 1,
strong 1
a: Renounce Religion, Potion Petition, Call Merchant, Bribe Branch


You were on level 11 of the Dungeon.
You worshipped Gozag.
Gozag was noncommittal.
You visited 1 branch of the dungeon, and saw 11 of its levels.
You also visited: Sewer and Bailey.

You collected 2939 gold pieces.
You spent 781 gold pieces at shops.
You paid 2113 gold pieces to Gozag.

Inventory:

Hand Weapons
 a - a +0 flail
 d - a +2 dagger of protection
 m - a +0 vorpal broad axe (weapon)
 o - a +0 long sword of protection
 r - a +0 broad axe
 E - a +0 whip of freezing
 S - the +9 hand axe "Huwotuer" {freeze, rElec Will++ Str-3 Int+2}
   (You found it on level 11 of the Dungeon)

   It freezes those it strikes, dealing additional cold damage.
   It can also slow down cold-blooded creatures.
   Str:       It affects your strength (-3).
   Int:       It affects your intelligence (+2).
   rElec:     It insulates you from electricity.
   Will:      It greatly increases your willpower.
Missiles
 B - 4 boomerangs of dispersal
 F - 26 boomerangs (quivered)
 T - 3 poisoned darts
Armour
 b - the +7 chain mail "Yreloxti" (worn) {Str+2 Int+4}
   (You bought it in a shop on level 8 of the Dungeon)

   Str:       It affects your strength (+2).
   Int:       It affects your intelligence (+4).
 c - a +0 buckler (worn)
 j - a +0 pair of gloves (worn)
 k - a +2 pair of boots
 q - the +1 leather armour of Truth {rElec Regen+ Int+5}
   (You found it on level 2 of the Dungeon)

   Int:       It affects your intelligence (+5).
   rElec:     It insulates you from electricity.
   Regen:     It increases your rate of health regeneration.
 u - the +0 plate armour of Broken Taboos {-Tele rF+ Str+4 Stlth+}
   (You found it in a bailey)

   Str:       It affects your strength (+4).
   rF:        It protects you from fire.
   -Tele:     It prevents most forms of teleportation.
   Stlth:     It makes you more stealthy.
 D - a +0 cloak (worn)
 O - a +1 pair of boots of rampaging (worn)
 P - the +1 chain mail of Dawn {+Blink rF+ rC+}
   (You bought it in a shop on level 11 of the Dungeon)

   rF:        It protects you from fire.
   rC:        It protects you from cold.
   +Blink:    It lets you blink.
Magical Staves
 Q - a staff of conjuration
Jewellery
 C - a +6 ring of intelligence (left hand)
 K - the Hermit's Pendant {Faith Invo=14 Evo=0 MP+5}
   (You found it on level 9 of the Dungeon)

   [amulet of faith]

   It sets your invocations skill to 14 and your evocations skill to 0.
   It allows you to gain divine favour quickly.
   MP:        It affects your magic capacity (+5).
Wands
 e - a wand of flame (3)
 G - a wand of iceblast (10)
 H - a wand of mindburst (17)
 M - a wand of polymorph (5)
Scrolls
 g - 4 scrolls of blinking
 h - a scroll of fear
 i - 2 scrolls of poison
 l - 2 scrolls of immolation
 p - a scroll of enchant weapon
 s - 4 scrolls of teleportation
 t - 2 scrolls of fog
 w - 2 scrolls of summoning
 x - 2 scrolls of vulnerability
 y - 4 scrolls of enchant armour
 A - 4 scrolls of identify
 J - a scroll of magic mapping
 R - 2 scrolls of noise
 U - a scroll of brand weapon
Potions
 n - 4 potions of flight
 v - a potion of ambrosia
 z - 2 potions of resistance
 I - a potion of haste
 L - 2 potions of brilliance
 N - a potion of heal wounds


   Skills:
 * Level 9.8 Fighting
 * Level 3.3(5.7) Axes
 - Level 7.8(8.2) Maces & Flails
 * Level 9.9 Armour
 + Level 4.8 Dodging
 - Level 5.4 Stealth
 + Level 7.3 Shields
 + Level 2.3 Evocations


You had 10 spell levels left.
You didn't know any spells.
Your spell library contained the following spells:

 Spells                   Type           Power      Damage    Failure   Level
 Apportation              Tloc           0%         N/A       73%         1
 Necrotise                Necr           0%         1d4       73%         1
 Summon Small Mammal      Summ           0%         N/A       73%         1
 Call Canine Familiar     Summ           0%         N/A       97%         3
 Dazzling Flash           Conj/Hex       0%         N/A       97%         3
 Kindle Blastsparks       Fire/Tloc/Air  0%         2d10      97%         3
 Portal Projectile        Hex/Tloc       0%         N/A       97%         3
 Vhi's Electric Charge    Tloc/Air       0%         N/A       97%         3
 Airstrike                Air            0%         2d(0-16)  100%        4
 Dispel Undead            Necr           0%         3d6       100%        4
 Fulminant Prism          Conj/Hex       0%         3d5       100%        4
 Iskenderun's Mystic Bla  Conj/Tloc      0%         2d3       100%        4
 Leda's Liquefaction      Hex/Erth       0%         N/A       100%        4
 Summon Lightning Spire   Summ/Air       0%         N/A       100%        4
 Agony                    Necr           0%         N/A       100%        5
 Arcjolt                  Conj/Air       0%         1d10      100%        5
 Lee's Rapid Deconstruct  Erth           0%         3d4*      100%        5
 Lightning Bolt           Conj/Air       0%         1d11      100%        5
 Silence                  Hex/Air        0%         N/A       100%        5
 Death Channel            Necr           0%         N/A       100%        6
 Maxwell's Capacitive Co  Air            0%         ∞         100%        8
 Cigotuvi's Dreadful Rot  Necr/Pois/Air  Unusable   N/A       N/A         2

Dungeon Overview and Level Annotations

Branches:
Dungeon (11/15)            Temple (0/1) D:6            Lair (0/5) D:9
    Orc (0/2) D:11          Sewer (visited)          Bailey (visited)

Altars:
Cheibriados
Dithmenos
Elyvilon
Gozag
Uskayaw
Zin

Shops:
D:8 [   D:11 *[

Annotations:
D:6 Maggie
D:10 4 runed translucent doors
D:11 1 transporter, Iich's ghost, journeyman HOFi


Innate Abilities, Weirdness & Mutations

You are immune to sickness and miasma.
Your stone body is resilient. (AC +8)
You are immune to poison.
You resist negative energy. (rN+)
You are resistant to electric shocks. (rElec)
You are resistant to unholy torment.
You are immune to petrification.
You have a beak for a mouth.
You are frail. (-10% HP)
Your muscles are strong. (Str +4, Int/Dex -1)


Message History

Unknown command.
Unknown command.
Unknown command.
You feel much better.
Iich's ghost is no longer blind.
The killer bee barely misses you. x2; Iich's ghost hits you!
The queen bee closely misses you. You block the killer bee's attack.
The killer bee stings you.
You catch the helpless queen bee completely off-guard!
You hit the queen bee.
The queen bee is severely wounded.
You barely miss Iich's ghost. You miss the killer bee. You hit the killer bee.
The killer bee stings you but does no damage.
The killer bee stings you.
The killer bee stings you but does no damage.
You block Iich's ghost's attack.
The killer bee stings you but does no damage.
The killer bee barely misses you.
Unknown command.
You hit the queen bee. You peck the queen bee.
The queen bee is almost dead.
You slash the killer bee! You hit the killer bee. You hit Iich's ghost.
The killer bee barely misses you. The killer bee stings you.
* * * LOW HITPOINT WARNING * * *
The killer bee stings you but does no damage.
Iich's ghost closely misses you.
The queen bee stings you but does no damage.
Unknown command.
Unknown command.
You slash the queen bee!
You kill the queen bee!
You hit Iich's ghost. You barely miss the killer bee. x2
The killer bee barely misses you.
The killer bee stings you but does no damage.
The killer bee barely misses you.
The killer bee is distracted by your dazzling golden aura.
The killer bee barely misses you.
The killer bee is distracted by your dazzling golden aura.
The killer bee barely misses you. Iich's ghost hits you!!
You die...
Your body crumbles into a pile of gold.

......#..###.###.......####......
#####...#########..+#### ######.
#..###.# #.###..# #..
#..##...#.!.##..# #.#
##..##.#.###.##..# #.#
#...##...#yyy##..# ##'#
####+#.#$#.#!#y#.#..# #...
#......#).#?..#W$#.'### #...
......©#y.#.#.#$@#©...# #...
#......#).#...#yy#....# #...
#......#$#.#.#y#.#....# #...
#<<....##.y.#...##....#### #...
#...^..##.###.#.##....'..#####...
##+###.##...#...##....##.....'...
#.# #.###.###.###....########...
#.# #..#########..#### #### #.#
##..###.###...#### #


You could see 7 killer bees and Iich's ghost.

Vanquished Creatures
  A two-headed ogre (D:11)
  A boulder beetle (D:11)
  Pikel (D:6)
  2 cyclopes (D:11)
  A gargoyle (D:11)
  An unseen horror (D:11)
  A queen bee (D:11)
  3 trolls
  9 yaks
  A wyvern (D:8)
  A steam dragon (D:7)
  2 acid dragons
  A water moccasin (D:7)
  A sky beast (D:6)
  11 orc warriors
  Pargi (D:3)
  2 ice beasts
  2 black bears (D:6)
  3 centaurs
  An ogre (D:7)
  A phantom (D:6)
  A kobold brigand (D:8)
  3 bullfrogs
  2 gnoll sergeants (D:9)
  A scorpion (D:5)
  7 wights
  2 electric eels (D:10)
  3 howler monkeys
  4 hounds
  Crazy Yiuf (D:7)
  7 orc priests
  2 iguanas
  Ijyb (D:4)
  Jessica (D:3)
  Natasha (twice) (D:3)
  13 orc wizards
  Terence (D:3)
  12 adders
  11 gnolls
  2 river rats (D:3)
  A shadow imp (D:5)
  2 ufetubi (D:7)
  2 dart slugs (D:2)
  43 orcs
  12 ball pythons
  11 endoplasms
  12 giant cockroaches
  17 goblins
  13 hobgoblins
  3 jackals (D:4)
  9 quokkas
  3 bats
  13 frilled lizards
  25 kobolds
  4 rats
293 creatures vanquished.

Vanquished Creatures (others)
  A white imp (D:8)
  2 kobolds (D:8)
  15 plants (D:10)
18 creatures vanquished.

Grand Total: 311 creatures vanquished

Notes
Turn   | Place    | Note
-------+----------+-------------------------------------------
     0 | D:1      | arthad the Gargoyle Fighter began the quest for the Orb.
     0 | D:1      | Reached XP level 1. HP: 14/14 MP: 1/1
   124 | D:1      | Reached XP level 2. HP: 14/19 MP: 2/2
   582 | D:1      | Reached XP level 3. HP: 23/23 MP: 3/3
   780 | D:2      | Reached skill level 1 in Stealth
   900 | D:2      | Reached XP level 4. HP: 29/29 MP: 4/4
  1033 | D:2      | Identified the +1 leather armour of Truth {rElec Regen+
                  | Int+5}
  1382 | D:3      | Found an opulent altar of Gozag.
  1390 | D:3      | Became a worshipper of Gozag Ym Sagoz the Greedy
  1479 | D:3      | Noticed Pargi
  1481 | D:3      | Found a faded altar of an unknown god.
  1508 | D:3      | Killed Pargi
  1509 | D:3      | Reached skill level 1 in Dodging
  1509 | D:3      | Reached XP level 5. HP: 16/33 MP: 5/5
  1564 | D:3      | Reached XP level 6. HP: 38/38 MP: 6/6
  1623 | D:3      | Noticed Jessica
  1633 | D:3      | Killed Jessica
  1692 | D:3      | Found a glowing drain.
  1696 | Sewer    | Entered a sewer
  2073 | D:3      | Noticed Natasha
  2078 | D:3      | Noticed Terence
  2093 | D:3      | Killed Natasha
  2094 | D:3      | Reached XP level 7. HP: 44/44 MP: 7/7
  2095 | D:3      | Killed Terence
  2214 | D:3      | Noticed Natasha
  2230 | D:3      | Killed Natasha
  2622 | D:5      | Entered Level 5 of the Dungeon
  2732 | D:4      | Noticed Ijyb
  2758 | D:4      | Killed Ijyb
  2759 | D:4      | Reached skill level 5 in Armour
  2793 | D:4      | Reached skill level 5 in Fighting
  3299 | D:5      | Reached XP level 8. HP: 29/50 MP: 8/8
  3600 | D:6      | Found a staircase to the Ecumenical Temple.
  3647 | D:6      | Reached skill level 5 in Maces & Flails
  3786 | D:6      | Noticed Pikel
  3827 | D:6      | Noticed Maggie
  4011 | D:6      | Killed Pikel
  4012 | D:6      | Reached skill level 5 in Shields
  4012 | D:6      | Reached XP level 9. HP: 47/56 MP: 9/9
  4446 | D:7      | Found a flagged portal.
  4483 | Bailey   | Entered a bailey
  4557 | Bailey   | Gained mutation: You have a beak for a mouth. [potion of
                  | mutation]
  4557 | Bailey   | Gained mutation: You are frail. (-10% HP) [potion of
                  | mutation]
  4557 | Bailey   | Gained mutation: Your muscles are strong. (Str +4, Int/Dex
                  | -1) [potion of mutation]
  4642 | Bailey   | Reached skill level 5 in Stealth
  4861 | Bailey   | Identified the +0 plate armour of Broken Taboos {-Tele rF+
                  | Str+4 Stlth+}
  4950 | D:7      | Found a runed translucent door.
  4951 | D:7      | Noticed Crazy Yiuf
  5205 | D:7      | Found a shadowy altar of Dithmenos.
  5246 | D:7      | Reached XP level 10. HP: 50/57 MP: 10/10
  5930 | D:7      | Killed Crazy Yiuf
  5992 | D:8      | Found a glowing silver altar of Zin.
  6277 | D:8      | Bought a faintly humming chain mail for 237 gold pieces
  6277 | D:8      | Identified the +7 chain mail "Yreloxti" {Str+2 Int+4} (You
                  | bought it in a shop on level 8 of the Dungeon)
  6650 | D:8      | Noticed a +0 hand axe
  6651 | D:8      | Noticed a +0 dagger
  6655 | D:8      | Found a hide-covered altar of Uskayaw.
  6814 | D:9      | Found a staircase to the Lair.
  7219 | D:9      | Found the Hermit's Pendant {Faith Invo=14 Evo=0 MP+5}
  8412 | D:10     | Entered Level 10 of the Dungeon
  8620 | D:10     | Reached skill level 1 in Axes
  8620 | D:10     | Reached skill level 1 in Evocations
  8778 | D:10     | Reached XP level 11. HP: 48/63 MP: 11/11
  8898 | D:10     | Found a white marble altar of Elyvilon.
  9054 | D:10     | Found a huge runed translucent gate.
  9054 | D:10     | Found a huge runed translucent gate.
  9054 | D:10     | Found a huge runed translucent gate.
  9054 | D:10     | Found a huge runed translucent gate.
  9054 | D:10     | Noticed a manticore
  9589 | D:11     | Noticed Iich's ghost (journeyman HOFi)
  9589 | D:11     | Found a transporter.
  9589 | D:11     | Found a transporter.
  9799 | D:11     | Bought a pair of runed boots for 240 gold pieces
  9809 | D:11     | Bought a masterwork chain mail for 304 gold pieces
  9809 | D:11     | Identified the +1 chain mail of Dawn {+Blink rF+ rC+} (You
                  | bought it in a shop on level 11 of the Dungeon)
 10091 | D:11     | Noticed a two-headed ogre
 10096 | D:11     | Killed a two-headed ogre
 10099 | D:11     | Identified the +9 hand axe "Huwotuer" {freeze, rElec Will++
                  | Str-3 Int+2}
 10208 | D:11     | Found Cheibriados's Comfort Zone.
 10208 | D:11     | Found a snail-covered altar of Cheibriados.
 10234 | D:11     | Noticed a cyclops
 10239 | D:11     | Killed a cyclops
 10271 | D:11     | Found a staircase to the Orcish Mines.
 10272 | D:11     | Noticed a boulder beetle
 10293 | D:11     | Killed a boulder beetle
 10346 | D:11     | Noticed a cyclops
 10350 | D:11     | Killed a cyclops
 10730 | D:11     | Mangled by Iich's ghost

Illustrated notes

Levels and vault maps discovered:
D:1:      dpeg_arrival_morbid_curiosity, layout_basic
D:2:      layout_rooms, chequers_serial_rivers_marsh, minmay_misc_feat_encased,
          minmay_goblin_outpost
D:3:      layout_loops_cross, mainiacjoe_overflow_six_doors_small,
          shapermc_ecumenical_altar_pompeii, gup_sewer_entry_bowl, uniq_pargi,
          uniq_terence, uniq_natasha, uniq_jessica
D:4:      layout_basic, uniq_ijyb
D:5:      layout_rooms
D:6:      layout_loops_ring, minmay_temple_entry_tees, uniq_pikel, uniq_maggie
D:7:      layout_basic, nicolae_dithmenos_the_darkroom, enter_bailey_4,
          uniq_crazy_yiuf_cottage
D:8:      layout_cave_pools, dancing_weapons_uskayaw, zin_academy
D:9:      layout_stronghold, lair_entry_dummy, uniq_erica
D:10:     lemuel_bear_cage, layout_basic, nicolae_elyvilon_temple_path
D:11:     layout_roguey, orc_0_dummy, gammafunk_ghost_hive,
          minmay_misc_feat_square, minmay_shop_chei

Skill      XL: |  1  2  3  4  5  6  7  8  9 10 11 |
---------------+----------------------------------+-----
Stealth        | 1 2 3 4 5 |  5.4
Maces & Flails | 3 4 5 6 7 |  7.8
Fighting       | 4 5 6 7 9 |  9.8
Armour         | 4 5 6 7 9 |  9.9
Dodging        | 1 2 3 4 |  4.8
Shields        | 4 5 6 7 |  7.3
Axes           | 1 3 |  3.3
Evocations     | 1 2 |  2.3

Action                   |  1- 3 |  4- 6 |  7- 9 | 10-12 || total
-------------------------+-------+-------+-------+-------++-------
Melee: Flail             |    89 |   311 |   534 |   200 ||  1134
       Peck              |       |       |    19 |    60 ||    79
       Broad axe         |       |       |       |   144 ||   144
Throw: Boomerang         |       |       |       |     9 ||     9
Invok: Call Merchant     |       |       |       |     2 ||     2
       Potion Petition   |       |       |       |     1 ||     1
Evoke: Wand              |       |       |     3 |     1 ||     4
  Use: Scroll            |       |     5 |     6 |     9 ||    20
       Potion            |       |     5 |    11 |     2 ||    18
 Stab: Sleeping          |       |     1 |     4 |       ||     5
       Invisible         |       |       |     6 |     4 ||    10
Armor: Scale mail        |    67 |     9 |       |       ||    76
       Leather armour    |       |   222 |   246 |       ||   468
       Skin              |       |    13 |     1 |       ||    14
       Plate armour      |       |       |    50 |    39 ||    89
       Chain mail        |       |       |       |   289 ||   289
Dodge: Dodged            |    50 |   263 |   307 |   186 ||   806
Block: Buckler           |    16 |   107 |   121 |    83 ||   327

Table legend: (Time is in decaauts)
 A = Elapsed time spent in this place.
 B = Non-inter-level travel time spent in this place.
 C = Inter-level travel time spent in this place.
 D = Time resting spent in this place.
 E = Time spent auto-exploring this place.
 F = Levels seen in this place.
 G = Mean time per level.
                   A        B        C        D        E       F      G
               +--------+--------+--------+--------+--------+-----+--------+
         Total |  11096 |  10717 |    379 |    887 |   6289 |  13 |  853.5 |
       Dungeon |  10163 |   9784 |    379 |    887 |   6058 |  11 |  923.9 |
         Sewer |    464 |    464 |      0 |      0 |     84 |   1 |  464.0 |
        Bailey |    468 |    468 |      0 |      0 |    146 |   1 |  468.0 |
               +--------+--------+--------+--------+--------+-----+--------+

Top non-repeatable levels by time:
     D:9: 1621 daAuts
    D:10: 1197 daAuts
    D:11: 1168 daAuts
     D:7: 1129 daAuts
     D:3: 886 daAuts
     D:6: 846 daAuts
     D:8: 830 daAuts
     D:1: 787 daAuts
     D:4: 592 daAuts
     D:2: 578 daAuts
     D:5: 524 daAuts
  Bailey: 468 daAuts
   Sewer: 464 daAuts
